 Dungeon Crawl Stone Soup version 0.18.1-50-g88ac8fd (webtiles) character file.

13116 Zertinan the Nimble (level 11, -7/122 HPs)
             Began as a Troll Monk on Sept 20, 2016.
             Was the Champion of Makhleb.
             Mangled by Snorg (22 damage)
             ... on level 12 of the Dungeon.
             The game lasted 01:04:12 (10788 turns).

Zertinan the Nimble (Troll Monk)                   Turns: 10788, Time: 01:04:13

Health: -7/122     AC:  6    Str: 21 (24) XL:     11   Next: 71%
Magic:  8/8        EV: 14    Int:  6      God:    Makhleb [******]
Gold:   362        SH:  0    Dex: 11 (12) Spells: 0 memorised, 10 levels left

rFire  + . .     SeeInvis +       - Unarmed
rCold  . . .     Gourm    +     f - +1 robe {rF+}
rNeg   + . .     Faith    .     (no shield)
rPois  .         Spirit   .     (helmet restricted)
rElec  .         Dismiss  .     (no cloak)
rCorr  .         Reflect  .     (gloves unavailable)
SustAt .         Harm     .     (boots unavailable)
MR     .....                    (no amulet)
Stlth  ++........               z - +3 ring of slaying
                                O - ring of positive energy

@: not resistant to hostile enchantments, unstealthy
A: unfitting armour, antennae 1, claws 3, see invisible, deterioration 1, fast
metabolism 3, gourmand, low mp 1, regeneration 2, robust 1, shaggy fur 1, tough
skin 2, subdued magic 1
a: Minor Destruction, Lesser Servant of Makhleb, Major Destruction, Greater
Servant of Makhleb, Renounce Religion


You were on level 12 of the Dungeon.
You worshipped Makhleb.
Makhleb was exalted by your worship.
You were full.

You visited 2 branches of the dungeon, and saw 13 of its levels.
You also visited: Sewer.

You collected 530 gold pieces.
You spent 168 gold pieces at shops.

Inventory:

Hand Weapons
 e - a +0 scythe
 h - a cursed -3 hand axe
 l - a +0 blowgun
 o - a +0 war axe of distortion
 q - a +2 flail of draining
 E - a +0 rapier
 H - a +0 vampiric short sword
 J - the +8 bow of Krishna "Sharnga" {speed, Dex+3 SInv}
   (You found it in a sewer)

   Attacks with this weapon are significantly faster.
   It affects your dexterity (+3).
   It lets you see invisible.
 K - a +4 hand axe
 M - a +0 blowgun
 U - a +2 dire flail
 V - a cursed -2 dagger
Missiles
 w - 49 poisoned needles
 y - 16 curare-tipped needles
Armour
 a - a +1 robe
 f - a +1 robe of fire resistance (worn)
Jewellery
 s - an uncursed ring of flight
 z - a +3 ring of slaying (right claw)
 O - a ring of positive energy (left claw)
Wands
 t - a wand of iceblast (7/15)
 D - a wand of slowing (40/48)
 L - a wand of lightning (5/15)
 P - a wand of acid (6/15)
 Q - a wand of slowing (33/48)
Scrolls
 c - 3 scrolls of identify
 p - 2 scrolls of recharging
 r - 2 scrolls of amnesia
 u - 4 scrolls of remove curse
 x - a scroll of blinking {unknown}
 A - 2 scrolls of teleportation
 C - 2 scrolls of fear
Potions
 d - a potion of lignification
 g - 5 potions of agility
 k - 5 potions of curing
 n - 4 potions of brilliance
 F - 2 potions of flight
 G - a potion of magic
 I - a potion of mutation {unknown}
 N - a potion of might
Books
 S - a book of Death (quivered)

   Spells                             Type                      Level
   a - Corpse Rot                     Necromancy                   2
   b - Sublimation of Blood           Necromancy                   2
   c - Agony                          Necromancy                   5
   d - Dispel Undead                  Necromancy                   5
   e - Excruciating Wounds            Charms/Necromancy            5
   f - Bolt of Draining               Conjuration/Necromancy       5
 T - a book of Flames

   Spells                             Type                      Level
   a - Flame Tongue                   Conjuration/Fire             1
   b - Throw Flame                    Conjuration/Fire             2
   c - Conjure Flame                  Conjuration/Fire             3
   d - Inner Flame                    Hexes/Fire                   3
   e - Sticky Flame                   Conjuration/Fire             4
   f - Fireball                       Conjuration/Fire             5
Miscellaneous
 v - a plain deck of escape
 R - a box of beasts
Comestibles
 b - 7 bread rations
 i - 8 meat rations
 j - 3 beef jerkies
 m - 3 fruits
 B - a slice of pizza


   Skills:
 - Level 8.0 Fighting
 + Level 11.3 Dodging
 - Level 2.0 Stealth
 * Level 10.7 Unarmed Combat


You had 10 spell levels left.
You didn't know any spells.

Dungeon Overview and Level Annotations

Branches:
Dungeon (12/15)            Temple (1/1) D:4            Lair (0/8) D:11
    Orc (0/2) D:10

Altars:
Ashenzari
Cheibriados
Dithmenos
Elyvilon
Fedhas
Gozag
Kikubaaqudgha
Makhleb
Nemelex Xobeh
Okawaru
Pakellas
Qazlal
Ru
Sif Muna
Trog
Vehumet
Xom
Yredelemnul
Zin
The Shining One

Shops:
D:7 *(

Annotations:
D:12 Snorg


Innate Abilities, Weirdness & Mutations

You are too large for most types of armour.
You have claws for hands.
Your metabolism is lightning-fast.
You like to eat raw meat.
You heal very quickly.
You are covered in fur (AC +1).
You have very tough skin (AC +2).
You have a pair of small antennae on your head.
You have supernaturally acute eyesight.
Your body sometimes deteriorates upon taking damage.
Your magical capacity is low (-10% MP).
You are robust (+10% HP).
Your spells are a little easier to cast, but a little less powerful.


Message History

You completely miss Snorg.
Snorg is heavily wounded.
Snorg completely misses you. Snorg claws you but does no damage.
Snorg closely misses you. Snorg bites you! Snorg misses you.
Snorg barely misses you.
You claw Snorg!
Snorg is heavily wounded.
Snorg closely misses you. Snorg barely misses you. Snorg claws you!
You closely miss Snorg.
Snorg is heavily wounded.
Snorg bites you!! Snorg misses you. Snorg claws you. Snorg bites you!
Snorg claws you!
* * * LOW HITPOINT WARNING * * *
Snorg completely misses you. Snorg bites you!
* * * LOW HITPOINT WARNING * * *
Snorg claws you.
* * * LOW HITPOINT WARNING * * *
Snorg claws you!!
You die...

.#...................
#.#........8.......8.
#.#.................
#.#.....8.........8
##.#..............
##.#....8.......
.######.#†..#..#.#.
.......#.######...
###@#...# #.
##T#...(....
##y#.........
##.#..........
#.#...........
#/#.......#.##. ..#
......#.#.# #.#
...[..##### #.
........


You could see Snorg (berserk) and a wasp.

Vanquished Creatures
  Josephine (D:10)
  The ghost of folm99785 the Thaumaturge, a journeyman OpTm of Sif Muna (D:11)
  A skeletal warrior (D:11)
  3 hill giants
  An ugly thing (D:11)
  Maurice (D:9)
  A komodo dragon (D:11)
  2 trolls
  A two-headed ogre (D:8)
  Sigmund (D:3)
  A wyvern (D:10)
  A spriggan (D:9)
  6 wraiths
  Eustachio (D:5)
  A hungry ghost (D:10)
  A hippogriff (D:8)
  5 yaks (D:7)
  Menkaure (D:6)
  Edmund (D:5)
  A warg (D:10)
  A water moccasin (D:9)
  7 orc warriors
  3 sky beasts
  An ice beast (D:11)
  A phantom (D:4)
  2 black bears
  6 ogres
  9 centaurs
  5 big kobolds
  4 giant frogs
  2 scorpions
  A water moccasin skeleton (D:9)
  3 howler monkeys (D:12)
  4 crimson imps
  2 centaur zombies
  A jelly (D:5)
  2 giant frog zombies
  A quasit (D:10)
  7 hounds
  7 orc priests
  A centaur skeleton (D:11)
  4 iguanas
  Ijyb (D:3)
  7 worker ants
  4 orc wizards
  A worker ant zombie (D:6)
  13 adders
  8 gnolls
  A howler monkey skeleton (D:8)
  8 river rats
  A shadow imp (D:9)
  An ooze (Sewer)
  2 adder skeletons
  2 adder zombies (D:9)
  7 worms
  A dart slug (D:1)
  7 giant geckos
  46 orcs
  9 ball pythons
  8 bats
  9 giant cockroaches
  8 goblins
  8 hobgoblins
  14 jackals
  33 kobolds
  4 quokkas
  4 giant newts
  A quokka skeleton (D:6)
  49 rats
363 creatures vanquished.

Notes
Turn   | Place    | Note
--------------------------------------------------------------
     0 | D:1      | Zertinan the Troll Monk began the quest for the Orb.
     0 | D:1      | Reached XP level 1. HP: 22/22 MP: 0/0
   148 | D:1      | Reached XP level 2. HP: 28/29 MP: 1/1
   315 | D:1      | Reached XP level 3. HP: 36/36 MP: 2/2
   785 | D:2      | Reached skill level 3 in Dodging
   934 | D:2      | Reached XP level 4. HP: 45/45 MP: 3/3
  1451 | D:3      | Noticed Sigmund
  1467 | D:3      | Killed Sigmund
  1467 | D:3      | Reached skill level 4 in Dodging
  1467 | D:3      | Reached XP level 5. HP: 36/54 MP: 4/4
  1467 | D:3      | Reached XP level 6. HP: 42/62 MP: 5/5
  1716 | D:3      | Found a shimmering altar of Xom.
  1818 | D:3      | Noticed Ijyb
  1835 | D:3      | Killed Ijyb
  2473 | D:4      | Reached skill level 5 in Dodging
  2473 | D:4      | Reached XP level 7. HP: 54/71 MP: 6/6
  2528 | D:4      | Found a staircase to the Ecumenical Temple.
  2537 | Temple   | Entered the Ecumenical Temple
  2705 | Temple   | Became a worshipper of Makhleb the Destroyer
  2705 | Temple   | Reached * piety under Makhleb
  2705 | Temple   | Reached ** piety under Makhleb
  3004 | D:4      | Found a snail-covered altar of Cheibriados.
  3037 | D:5      | Entered Level 5 of the Dungeon
  3095 | D:5      | Noticed Eustachio
  3129 | D:5      | Reached skill level 5 in Fighting
  3204 | D:5      | Killed Eustachio
  3253 | D:5      | Noticed Edmund
  3254 | D:5      | You fall through a shaft!
  3361 | D:6      | Reached skill level 6 in Dodging
  3363 | D:6      | Reached XP level 8. HP: 76/81 MP: 7/7
  3366 | D:6      | Reached *** piety under Makhleb
  3497 | D:6      | Found a glowing drain.
  3567 | Sewer    | Entered a sewer
  3689 | Sewer    | Reached **** piety under Makhleb
  4549 | D:5      | Killed Edmund
  4549 | D:5      | Reached skill level 7 in Dodging
  4571 | D:5      | Reached ***** piety under Makhleb
  4672 | D:5      | Gained mutation: You have a pair of small antennae on your head. [mutagenic meat]
  4673 | D:5      | Gained mutation: Your flesh is heat resistant. [mutagenic meat]
  4674 | D:5      | Gained mutation: Your spells are a little easier to cast, but a little less powerful. [mutagenic meat]
  4676 | D:5      | Gained mutation: Your flesh is cold resistant. [mutagenic meat]
  4772 | D:5      | Found a basalt altar of Yredelemnul.
  4934 | D:5      | Reached XP level 9. HP: 70/92 MP: 8/8
  5178 | D:7      | Noticed Menkaure
  5192 | D:6      | Killed Menkaure
  5192 | D:6      | Reached skill level 8 in Dodging
  5330 | D:7      | Found a white marble altar of Elyvilon.
  5382 | D:7      | Found Karph's Antique Weapon Boutique.
  5477 | D:7      | Gained mutation: Your body sometimes deteriorates upon taking damage. [mutagenic meat]
  5479 | D:7      | Gained mutation: Your body often deteriorates upon taking damage. [mutagenic meat]
  5480 | D:7      | Gained mutation: You have supernaturally acute eyesight. [mutagenic meat]
  5481 | D:7      | Gained mutation: Your magical capacity is low (-10% MP). [mutagenic meat]
  5501 | D:7      | Found an iron altar of Okawaru.
  5650 | D:7      | Found Itrutoba's General Store.
  5653 | D:7      | Bought a plain deck of escape for 168 gold pieces
  5952 | D:8      | Reached skill level 9 in Dodging
  6553 | D:8      | Reached XP level 10. HP: 104/104 MP: 8/8
  7029 | D:9      | Reached skill level 5 in Unarmed Combat
  7092 | D:9      | Found a stormy altar of Qazlal.
  7148 | D:9      | Reached ****** piety under Makhleb
  7316 | D:9      | Lost mutation: Your flesh is cold resistant. [potion of cure mutation]
  7316 | D:9      | Lost mutation: Your body often deteriorates upon taking damage. [potion of cure mutation]
  7316 | D:9      | Lost mutation: Your flesh is heat resistant. [potion of cure mutation]
  7325 | D:9      | Found a sparkling altar of Nemelex Xobeh.
  7394 | D:9      | Noticed Maurice
  7408 | D:9      | Killed Maurice
  7601 | D:10     | Entered Level 10 of the Dungeon
  7620 | D:10     | Noticed a hill giant
  7629 | D:10     | Killed a hill giant
  7629 | D:10     | Reached skill level 10 in Dodging
  7924 | D:10     | Found a staircase to the Orcish Mines.
  7958 | D:10     | Noticed a hill giant
  7965 | D:10     | Killed a hill giant
  8479 | D:11     | Noticed a hill giant
  8488 | D:11     | Killed a hill giant
  8488 | D:11     | Reached XP level 11. HP: 87/111 MP: 8/8
  8493 | D:11     | Noticed a brown ugly thing
  8531 | D:11     | Killed a brown ugly thing
  8535 | D:11     | Gained mutation: You are robust (+10% HP). [mutagenic meat]
  8623 | D:11     | Noticed folm99785's ghost (journeyman OpTm)
  8652 | D:11     | Killed folm99785's ghost
  9027 | D:11     | Noticed Josephine
  9156 | D:10     | Killed Josephine
  9178 | D:10     | Reached skill level 11 in Dodging
  9178 | D:10     | Reached skill level 10 in Unarmed Combat
  9780 | D:11     | Found a staircase to the Lair.
 10035 | D:11     | Noticed a skeletal warrior
 10039 | D:11     | Noticed a skeletal warrior
 10349 | D:11     | Noticed a skeletal warrior
 10395 | D:11     | Killed a skeletal warrior
 10775 | D:12     | Noticed Snorg
 10788 | D:12     | Mangled by Snorg

Skill      XL: |  1  2  3  4  5  6  7  8  9 10 11 |
---------------+----------------------------------+-----
Fighting       | 3 4 5 6 8 |  8.0
Dodging        | 3 4 5 6 7 9 10 11 | 11.3
Stealth        | 2 |  2.0
Unarmed Combat | 8 10 | 10.7

Action                   |  1- 3 |  4- 6 |  7- 9 | 10-12 || total
-------------------------+-------+-------+-------+-------++-------
Melee: Unarmed           |   123 |   159 |   590 |   380 ||  1252
       Punch             |     2 |     2 |    14 |    18 ||    36
  Use: Scroll            |       |     7 |     5 |     7 ||    19
       Potion            |       |       |    14 |     8 ||    22
 Stab: Sleeping          |     1 |     3 |     3 |     3 ||    10
       Distracted        |       |       |     1 |     1 ||     2
  Eat: Chunk             |    10 |    13 |    45 |    40 ||   108
       Bread ration      |       |       |     1 |     2 ||     3
Armor: Robe              |    33 |    30 |   136 |    74 ||   273
Dodge: Dodged            |    63 |    68 |   337 |   294 ||   762
